 Dungeon Sprint DCSS version 0.14-a0-3315-g09e681a (webtiles) character file.

13399 BluebellGnoll the Imperceptible (level 11, -21/47 HPs)
             Began as a Spriggan Enchanter on Mar 15, 2014.
             Was the Champion of Vehumet.
             Hit by a large rock thrown by a stone giant (39 damage)
             ... in the Dungeon (Sprint IX: "|||||||||||||||||||||||||||||").
             The game lasted 00:44:09 (3805 turns).

BluebellGnoll the Imperceptible (SpEn)              Turns: 3805, Time: 00:44:09

HP -21/47        AC  5     Str  4      XL: 11   Next: 73%
MP  19/35        EV 34     Int 25      God: Vehumet [******]
Gold 155         SH  0     Dex 18      Spells:  7 memorised, 16 levels left

rFire  . . .     SeeInvis +     s - +2 cutlass (distort)
rCold  . . .     Clarity  +     E - +1 robe {MR+}
rNeg   . . .     Conserve .     (shield restricted)
rPois  .         rCorr    .     (helmet restricted)
rElec  .         rRot     .     K - +1 cloak
SustAb . .       Spirit   .     (gloves unavailable)
rMut   .         Warding  .     (boots unavailable)
Saprov . . .     NoTele   +     F - amulet of clarity
MR     ++...                    q - +3 ring of intelligence
                                p - +3 ring of intelligence

@: very quick, very resistant to hostile enchantments, incredibly stealthy
A: unfitting armour, see invisible, herbivore 3, speed 3, slow metabolism 2
a: Renounce Religion


You were in the Dungeon.
You worshipped Vehumet.
Vehumet was exalted by your worship.
You were very full.

You visited 1 branch You collected 1869 gold pieces.
You spent 1714 gold pieces at shops.

Inventory:

Hand weapons
 s - a +2,+2 cutlass of distortion (weapon)
Missiles
 d - 11 darts (quivered)
 C - 3 needles of paralysis
Armour
 E - a +1 robe of magic resistance (worn)
 K - a +1 cloak (worn)
Magical devices
 c - a wand of heal wounds (5)
 e - a wand of polymorph (16)
 o - a wand of fire (7)
Comestibles
 D - 5 bread rations
Scrolls
 k - 2 scrolls of blinking
 m - 3 scrolls of remove curse
 n - 2 scrolls of amnesia
 u - a scroll of identify
 v - a scroll of immolation
 y - 2 scrolls of fear
 z - a scroll of recharging
 A - 2 scrolls of fog
Jewellery
 a - an uncursed ring of poison resistance
 b - an uncursed ring of magical power
 p - a +3 ring of intelligence (left hand)
 q - a +3 ring of intelligence (right hand)
 F - an amulet of clarity (around neck)
 H - an uncursed ring of protection from magic
 I - an uncursed ring of protection from cold
Potions
 f - 3 potions of curing
 g - 4 potions of heal wounds
 h - 2 potions of haste
 i - 2 potions of magic
 l - a potion of invisibility
 G - a potion of resistance
Books
 w - the Disquisition on the Mountains
   (You found it in the Dungeon)

   Spells                             Type                      Level
   *Stone Arrow                       Conjuration/Earth            3
   Lee's Rapid Deconstruction         Earth                        5
   Shatter                            Earth                        9
Magical staves
 t - an uncursed staff of energy


   Skills:
 - Level 13.1 Short Blades
 - Level 1.1 Throwing
 + Level 18.7 Dodging
 - Level 23.3 Stealth
 - Level 13.8 Spellcasting
 - Level 2.9 Conjurations
 - Level 12.4 Hexes
 - Level 2.5 Earth Magic


You had 16 spell levels left.
You knew the following spells:

 Your Spells              Type           Power        Failure   Level  Hunger
a - Corona                Hex            ######.      1%          1    None
b - Ensorcelled Hibernat  Hex/Ice        #####.       1%          2    None
c - Confuse               Hex            ######..     1%          3    None
d - Sure Blade            Hex/Chrm       #####.....   1%          2    None
e - Enslavement           Hex            ######..     1%          4    None
f - Invisibility          Hex            ######..     3%          6    #####..
g - Stone Arrow           Conj/Erth      ####..       1%          3    None


Dungeon Overview and Level Annotations

Branches:
Dungeon (1/1)

Altars:
Ashenzari
Cheibriados
Dithmenos
Elyvilon
Fedhas
Kikubaaqudgha
Makhleb
Nemelex Xobeh
Okawaru
Sif Muna
Trog
Vehumet
Xom
Yredelemnul
Zin
The Shining One

Shops:
D !}==


Innate Abilities, Weirdness & Mutations

You are tiny and cannot use many weapons and most armour.
You have supernaturally acute eyesight.
You are a herbivore.
You cover ground extremely quickly.
You need consume almost no food.


Message History

You skewer the dire elephant like a kebab!!!
Space warps horribly around the dire elephant!
The dire elephant is severely wounded.
The dire elephant barely misses the stone giant.
The dire elephant trunk-slaps the stone giant!
You catch the helpless dire elephant completely off-guard!
You perforate the dire elephant like a sieve!!!
You kill the dire elephant!
Vehumet accepts your kill.
You feel your power returning.
Your Dodging skill increases to level 18!
Unknown command.
Unknown command.
The stone giant throws a large rock.
The large rock hits you!
Ouch! That really hurt!
You see here a large rock.
The stone giant throws a large rock.
The large rock misses you.
The stone giant throws a large rock.
The large rock hits you!
Ouch! That really hurt!
You die...

▓C▓.▓∩▓.▓.▓.▓[▓
▓H▓.▓.▓.▓.▓.▓[▓
▓C▓.▓.▓.▓.▓.▓%▓
▓%▓.▓.▓.▓.▓.▓)▓
▓'▓.▓.▓.▓.▓.▓.▓
▓(▓.▓.▓[▓'▓.▓.▓
▓.▓.▓'▓.▓.▓.▓.▓
▓.▓.▓[▓.▓.▓.▓'▓
▓@▓.▓[▓.▓.▓.▓_▓
▓.▓.▓.▓.▓.▓.▓_▓
▓(▓.▓.▓.▓.▓.▓_▓
▓.▓.▓.▓.▓.▓.▓_▓
▓.▓.▓.▓.▓.▓.▓_▓
▓.▓.▓.▓.▓.▓.▓_▓
▓.▓.▓[▓.▓%▓.▓_▓
▓[▓.▓)▓.▓%▓.▓_▓
▓[▓.▓[▓.▓.▓.▓_▓


You could see a stone giant, a minotaur and an ettin.

Vanquished Creatures
  A dire elephant (D)
  An ogre mage (D)
  A centaur warrior (D)
  Erolcha (D)
  A hill giant (D)
  A manticore (D)
  8 orc sorcerers (D)
  A black mamba (D)
  3 komodo dragons (D)
  A troll (D)
  3 polar bears (D)
  A boggart (shapeshifter) (D)
  A basilisk (D)
  A yak (D)
  A hippogriff (D)
  Grum (D)
  2 wolves (D)
  A necrophage (D)
  A water moccasin (D)
  2 porcupines (D)
  A sky beast (D)
  5 black bears (D)
  A phantom (D)
  9 orc warriors (D)
  3 crocodiles (D)
  2 giant frogs (D)
  A gnoll sergeant (D)
  2 orc priests (D)
  A jelly (D)
  4 orc wizards (D)
  A sheep (D)
  A worker ant (D)
  2 green rats (D)
  An adder (D)
  13 orcs (D)
  A goblin (D)
  A hobgoblin (D)
  2 jackals (D)
  6 bats (D)
  A hobgoblin zombie (D)
  A kobold zombie (D)
  4 orc skeletons (D)
  3 orc zombies (D)
  A rat (D)
100 creatures vanquished.

Vanquished Creatures (others)
  A fire dragon (D)
  A rakshasa (D)
  An orc warrior (D)
  A sky beast (D)
  A goblin skeleton (D)
  2 orc skeletons (D)
  A fungus (D)
8 creatures vanquished.

Grand Total: 108 creatures vanquished

Notes
Turn   | Place    | Note
--------------------------------------------------------------
     0 | D        | BluebellGnoll, the Spriggan Enchanter, began the quest for the Orb.
     0 | D        | Reached XP level 1. HP: 9/9 MP: 4/4
    12 | D        | Reached skill level 4 in Stealth
    14 | D        | Reached skill level 5 in Stealth
    36 | D        | Reached skill level 6 in Stealth
   118 | D        | Noticed a jelly
   118 | D        | Noticed a gnoll sergeant
   133 | D        | Reached skill level 7 in Stealth
   133 | D        | Reached XP level 2. HP: 11/13 MP: 7/7
   151 | D        | Learned a level 2 spell: Ensorcelled Hibernation
   261 | D        | Killed a gnoll sergeant
   261 | D        | Reached skill level 12 in Stealth
   261 | D        | Reached XP level 3. HP: 16/16 MP: 6/9
   261 | D        | Reached XP level 4. HP: 21/21 MP: 8/12
   264 | D        | Killed a jelly
   264 | D        | Reached skill level 13 in Stealth
   269 | D        | Learned a level 3 spell: Confuse
   272 | D        | Learned a level 2 spell: Sure Blade
   282 | D        | Found a white marble altar of Elyvilon.
   282 | D        | Found a basalt altar of Yredelemnul.
   282 | D        | Found a burning altar of Makhleb.
   282 | D        | Found a snail-covered altar of Cheibriados.
   282 | D        | Found a glowing silver altar of Zin.
   282 | D        | Found an ancient bone altar of Kikubaaqudgha.
   282 | D        | Found a shattered altar of Ashenzari.
   283 | D        | Found a deep blue altar of Sif Muna.
   284 | D        | Found a basalt altar of Yredelemnul.
   285 | D        | Found a shimmering altar of Xom.
   286 | D        | Found a glowing golden altar of the Shining One.
   287 | D        | Found a sparkling altar of Nemelex Xobeh.
   288 | D        | Found a bloodstained altar of Trog.
   289 | D        | Found an iron altar of Okawaru.
   290 | D        | Found a shadowy altar of Dithmenos.
   291 | D        | Found a radiant altar of Vehumet.
   292 | D        | Found a blossoming altar of Fedhas.
   293 | D        | Found a white marble altar of Elyvilon.
   300 | D        | Became a worshipper of Vehumet
   339 | D        | Noticed a giant frog
   339 | D        | Noticed a necrophage
   339 | D        | Noticed a crocodile
   341 | D        | Killed a crocodile
   341 | D        | Reached skill level 5 in Spellcasting
   341 | D        | Reached XP level 5. HP: 24/24 MP: 11/19
   362 | D        | Learned a level 4 spell: Enslavement
   466 | D        | Acquired Vehumet's first power
   466 | D        | Offered knowledge of Sting by Vehumet.
   475 | D        | Killed a giant frog
   481 | D        | Killed a necrophage
   481 | D        | Reached XP level 6. HP: 28/28 MP: 16/21
   513 | D        | Noticed a hill giant
   513 | D        | Noticed a sky beast
   513 | D        | Noticed a worker ant
   513 | D        | Noticed a phantom
   513 | D        | Noticed a troll
   523 | D        | Noticed a shapeshifter
   523 | D        | a troll changed into a shapeshifter
   525 | D        | Noticed a boggart
   525 | D        | a shapeshifter changed into a boggart
   530 | D        | Killed a boggart
   530 | D        | Reached skill level 5 in Short Blades
   530 | D        | Reached skill level 14 in Stealth
   530 | D        | Reached XP level 7. HP: 32/32 MP: 9/23
   536 | D        | Killed a worker ant
   550 | D        | Killed a phantom
   550 | D        | Reached skill level 15 in Stealth
   653 | D        | Killed a sky beast
   653 | D        | Offered knowledge of Freeze by Vehumet.
   653 | D        | Acquired Vehumet's second power
   653 | D        | Reached skill level 16 in Stealth
   662 | D        | Killed a hill giant
   662 | D        | Reached skill level 17 in Stealth
   662 | D        | Reached XP level 8. HP: 36/36 MP: 21/24
   670 | D        | Learned a level 6 spell: Invisibility
   801 | D        | Identified the Disquisition on the Mountains (You found it in the Dungeon)
   814 | D        | Noticed a porcupine
   814 | D        | Noticed a crocodile
   814 | D        | Noticed a komodo dragon
   821 | D        | Killed a komodo dragon
   821 | D        | Reached skill level 18 in Stealth
   827 | D        | Acquired Vehumet's third power
   836 | D        | Killed a crocodile
   840 | D        | Killed a porcupine
   856 | D        | Noticed a crocodile
   866 | D        | Killed a crocodile
   866 | D        | Reached skill level 19 in Stealth
   874 | D        | Noticed a black mamba
   874 | D        | Noticed a giant frog
   874 | D        | Noticed a komodo dragon
   874 | D        | Noticed a basilisk
   874 | D        | Noticed a porcupine
   875 | D        | Noticed a water moccasin
   876 | D        | Killed a porcupine
   878 | D        | Killed a basilisk
   878 | D        | Reached skill level 10 in Hexes
   878 | D        | Reached XP level 9. HP: 36/39 MP: 22/25
   882 | D        | Killed a komodo dragon
   882 | D        | Reached skill level 20 in Stealth
   895 | D        | Killed a giant frog
   904 | D        | Killed a black mamba
   904 | D        | Reached skill level 21 in Stealth
   907 | D        | Offered knowledge of Throw Flame by Vehumet.
   921 | D        | Killed a water moccasin
   937 | D        | Noticed a yak
   949 | D        | Killed a yak
   961 | D        | Noticed a polar bear
   961 | D        | Noticed a black bear
   961 | D        | Noticed a black bear
   961 | D        | Noticed a black bear
   961 | D        | Noticed a polar bear
   961 | D        | Noticed a black bear
   961 | D        | Noticed a black bear
   962 | D        | Noticed a polar bear
   963 | D        | Killed a black bear
   978 | D        | Killed a black bear
   993 | D        | Killed a black bear
  1003 | D        | Killed a polar bear
  1011 | D        | Killed a polar bear
  1135 | D        | Killed a black bear
  1135 | D        | Offered knowledge of Olgreb's Toxic Radiance by Vehumet.
  1146 | D        | Killed a polar bear
  1150 | D        | Killed a black bear
  1183 | D        | Learned a level 3 spell: Stone Arrow
  1269 | D        | Noticed Erolcha
  1277 | D        | Killed Erolcha
  1277 | D        | Reached skill level 10 in Short Blades
  1277 | D        | Reached XP level 10. HP: 44/44 MP: 30/30
  1332 | D        | Noticed an orc warrior
  1333 | D        | Noticed an orc priest
  1338 | D        | Noticed an orc warrior
  1346 | D        | Noticed an orc priest
  1350 | D        | Killed an orc warrior
  1352 | D        | Banished an orc warrior
  1355 | D        | Killed an orc priest
  1362 | D        | Killed an orc priest
  1575 | D        | Noticed an orc warrior
  1575 | D        | Noticed an orc warrior
  1575 | D        | Noticed an orc warrior
  1575 | D        | Noticed an orc warrior
  1575 | D        | Noticed an orc warrior
  1576 | D        | Noticed an orc sorcerer
  1583 | D        | Killed an orc warrior
  1583 | D        | Offered knowledge of Fireball by Vehumet.
  1583 | D        | Reached skill level 1 in Earth Magic
  1595 | D        | Killed an orc warrior
  1602 | D        | Killed an orc warrior
  1608 | D        | Noticed an orc warrior
  1608 | D        | Killed an orc warrior
  1616 | D        | Noticed an orc warrior
  1620 | D        | Killed an orc warrior
  1625 | D        | Noticed an orc warrior
  1653 | D        | Killed an orc warrior
  1662 | D        | Killed an orc warrior
  1738 | D        | Killed an orc sorcerer
  1777 | D        | Found Shriec's Jewellery Boutique.
  1777 | D        | Noticed an orc sorcerer
  1777 | D        | Noticed an orc sorcerer
  1777 | D        | Noticed an orc sorcerer
  1777 | D        | Noticed an orc sorcerer
  1777 | D        | Noticed an orc sorcerer
  1777 | D        | Noticed an orc wizard
  1778 | D        | Found Skeor's Jewellery Shop.
  1781 | D        | Noticed an ice devil
  1787 | D        | Noticed a sixfirhy
  1839 | D        | Paralysed by an orc sorcerer for 2 turns
  1852 | D        | Killed an orc sorcerer
  1852 | D        | Offered knowledge of Orb of Destruction by Vehumet.
  1852 | D        | Reached skill level 10 in Spellcasting
  1907 | D        | Killed an orc sorcerer
  1907 | D        | Reached skill level 22 in Stealth
  2350 | D        | Killed an orc sorcerer
  2350 | D        | Offered knowledge of Ozocubu's Refrigeration by Vehumet.
  2374 | D        | Killed an orc sorcerer
  2386 | D        | Killed an orc wizard
  2412 | D        | Noticed an orc sorcerer
  2413 | D        | Found Mafibuda's Gadget Boutique.
  2414 | D        | Noticed an orc sorcerer
  2427 | D        | Noticed a sun demon
  2427 | D        | Killed an orc sorcerer
  2494 | D        | Killed an orc sorcerer
  2494 | D        | Reached XP level 11. HP: 47/47 MP: 23/34
  2553 | D        | Noticed an orc wizard
  2554 | D        | Noticed an orc wizard
  2559 | D        | Killed an orc wizard
  2562 | D        | Killed an orc wizard
  2566 | D        | Noticed an orc wizard
  2574 | D        | Killed an orc wizard
  2601 | D        | Noticed an orc sorcerer
  2604 | D        | Found Shohy's Distillery.
  2608 | D        | Noticed an orc wizard
  2611 | D        | Killed an orc sorcerer
  2611 | D        | Reached skill level 23 in Stealth
  2644 | D        | Bought an uncursed amulet of clarity for 260 gold pieces
  2654 | D        | Bought a potion of resistance for 70 gold pieces
  2704 | D        | Noticed a wolf
  2707 | D        | Noticed a wolf
  2708 | D        | Noticed Grum
  2712 | D        | Killed a wolf
  2712 | D        | Offered knowledge of Iskenderun's Battlesphere by Vehumet.
  2721 | D        | Killed a wolf
  2730 | D        | Killed Grum
  3561 | D        | Bought an uncursed ring of poison resistance for 260 gold pieces
  3561 | D        | Bought an uncursed ring of magical power for 260 gold pieces
  3564 | D        | Bought a wand of heal wounds (5) for 648 gold pieces
  3564 | D        | Bought a wand of polymorph (16) for 216 gold pieces
  3690 | D        | Noticed an orc warrior
  3690 | D        | Noticed a komodo dragon
  3690 | D        | Noticed a fire dragon
  3690 | D        | Noticed a troll
  3690 | D        | Noticed a hippogriff
  3690 | D        | Noticed a centaur warrior
  3691 | D        | Noticed a sky beast
  3692 | D        | Killed a centaur warrior
  3692 | D        | Reached skill level 15 in Dodging
  3693 | D        | Noticed a manticore
  3694 | D        | Killed a hippogriff
  3696 | D        | Noticed an ogre mage
  3697 | D        | Killed a troll
  3705 | D        | Banished a fire dragon
  3710 | D        | Killed a komodo dragon
  3715 | D        | Killed an orc warrior
  3720 | D        | Killed a sky beast
  3726 | D        | Killed a manticore
  3729 | D        | Noticed a rakshasa
  3732 | D        | Killed an ogre mage
  3732 | D        | Offered knowledge of Ignite Poison by Vehumet.
  3752 | D        | Banished a rakshasa
  3783 | D        | Noticed a dire elephant
  3784 | D        | Noticed a stone giant
  3785 | D        | Noticed a minotaur
  3786 | D        | Noticed an ettin
  3801 | D        | Killed a dire elephant
  3805 | D        | Hit by a large rock thrown by a stone giant

Action                   |  1- 3 |  4- 6 |  7- 9 | 10-12 || total
-------------------------+-------+-------+-------+-------++-------
Melee: Dagger            |    48 |     1 |       |       ||    49
       Cutlass           |       |    13 |    61 |   110 ||   184
Throw: Dart              |       |       |     1 |    13 ||    14
 Cast: Ensorcelled Hiber |     1 |     5 |    21 |    28 ||    55
       Confuse           |       |     7 |    16 |    37 ||    60
       Sure Blade        |       |     2 |     7 |     8 ||    17
       Stone Arrow       |       |       |       |     4 ||     4
       Enslavement       |       |       |       |     4 ||     4
  Use: Potion            |       |       |       |     1 ||     1
 Stab: Sleeping          |     1 |     4 |    17 |    16 ||    38
       Confused          |       |     2 |     6 |    15 ||    23
       Fleeing           |       |       |     2 |       ||     2
       Distracted        |       |       |     1 |     1 ||     2
